Oilers vs Rangers

Created - February 14 2011 at 17:34

Goals
1 2 3 T
Oilers 2 4 3 9
Rangers 2 2 0 4
Shots
1 2 3 T
Oilers 12 20 18 50
Rangers 10 4 4 18

Period #1

1. Rangers , Nikolai Kulemin 9 (Dan Cleary, Lubomir Visnovsky) at 4:19 (PP)
2. Rangers , Alexander Edler 5 (Jim Slater) at 8:20
3. Oilers , Rod BrindAmour 3 (Miroslav Satan, Mark Popovic) at 9:58
4. Oilers , Stephen Weiss 21 (Mark Popovic, Radek Dvorak) at 12:28

Penalties :
Rod BrindAmour (EDM) for Elbowing (Minor) at 2:33, Mark Popovic (EDM) for High sticking (Minor) at 4:54

Period #2

5. Oilers , Michal Handzus 22 (Roman Hamrlik, Stephen Weiss) at 2:32 (PP)
6. Oilers , Stephen Weiss 22 (Scott Hannan) at 5:18
7. Oilers , Radek Dvorak 12 (Stephen Weiss, Michal Handzus) at 6:10
8. Rangers , Mikko Koivu 17 (Jeff Finger, Lubomir Visnovsky) at 6:41 (PP)
9. Rangers , Mikko Koivu 18 (Alexander Edler) at 11:10
10. Oilers , Stephen Weiss 23 (Scott Hannan, Mark Popovic) at 14:53

Penalties :
Alexander Edler (NYR) for Holding (Minor) at 0:41, Christoph Schubert (NYR) for Roughing (Minor) at 2:10, Dany Heatley (EDM) for Hooking (Minor) at 6:16, Keith Ballard (NYR) for Boarding (Minor) at 12:01, Mikko Koivu (NYR) for Tripping (Minor) at 15:05

Period #3

11. Oilers , Todd Marchant 8 (Andrew Ladd, Bryce Salvador) at 3:02
12. Oilers , Sean ODonnell 9 (Todd Marchant, Ryan Johnson) at 12:53
13. Oilers , Radek Dvorak 13 (Stephen Weiss, Scott Hannan) at 18:29

Penalties :
Mark Popovic (EDM) for Hooking (Minor) at 5:58, Bill Guerin (NYR) for Interference (Minor) at 10:06, Chris Kelly (NYR) for Hooking (Minor) at 14:55

Goalie Stats

Dan Ellis (EDM), 4 saves from 4 shots - (1.000), 28:50 minutes
Kari Lehtonen (EDM), 10 saves from 14 shots - (0.714), W, 24-15-7, 31:10 minutes
Brian Boucher (NYR), 16 saves from 20 shots - (0.800), L, 5-9-0, 27:35 minutes
Chris Mason (NYR), 25 saves from 30 shots - (0.833), 32:25 minutes

Players Stats

Oilers
Player Name              G  A  P  +/- PIM S  H  SB FO    MP 
------------------------------------------------------------
Adrian Aucoin            0  0  0   0  0   4  0  0  0/0   23 
Andrew Ladd              0  1  1   0  0   4  5  0  0/1   18 
Bryce Salvador           0  1  1   0  0   0  0  1  0/0   18 
Dany Heatley             0  0  0   0  2   6  3  0  1/2   17 
Derek Roy                0  0  0   0  0   6  1  0  10/21 17 
Mark Popovic             0  3  3   6  4   0  2  1  0/0   14 
Michal Handzus           1  1  2   5  0   7  2  0  11/23 18 
Miroslav Satan           0  1  1   1  0   2  0  0  0/0   6  
Radek Dvorak             2  1  3   5  0   3  0  0  1/2   15 
Rod BrindAmour           1  0  1   1  2   1  0  0  1/1   7  
Roman Hamrlik            0  1  1   0  0   2  0  0  0/0   21 
Ryan Johnson             0  1  1   0  0   0  0  0  11/22 16 
Scott Hannan             0  3  3   5  0   3  1  0  0/0   20 
Scott Nichol             0  0  0   1  0   2  0  0  6/10  9  
Sean ODonnell            1  0  1   1  0   1  1  1  0/0   23 
Stephen Weiss            3  3  6   5  0   6  0  0  0/0   19 
Steve Sullivan           0  0  0   0  0   2  0  0  1/1   17 
Todd Marchant            1  1  2   0  0   1  1  0  0/0   16 
Rangers
Player Name              G  A  P  +/- PIM S  H  SB FO    MP 
------------------------------------------------------------
Alexander Edler          1  1  2  -1  2   1  1  4  0/0   20 
Andrei Kostitsyn         0  0  0  -3  0   1  0  0  0/1   14 
Antti Miettinen          0  0  0  -2  0   0  1  0  0/2   13 
Bill Guerin              0  0  0  -3  2   1  0  1  0/0   14 
Chris Kelly              0  0  0  -3  2   0  0  0  11/23 19 
Christoph Schubert       0  0  0  -3  2   0  0  1  0/0   18 
Dan Cleary               0  1  1  -2  0   2  0  0  0/2   15 
Evander Kane             0  0  0   1  0   0  0  0  0/0   7  
Fredrik Modin            0  0  0   1  0   1  0  0  1/2   12 
Gilbert Brule            0  0  0  -2  0   0  1  0  0/0   14 
Jeff Finger              0  1  1  -1  0   0  2  1  0/0   19 
Jim Slater               0  1  1   1  0   0  0  0  5/11  11 
Keith Ballard            0  0  0  -1  2   1  4  4  0/0   23 
Lubomir Visnovsky        0  2  2  -4  0   0  0  2  0/0   19 
Mike Weaver              0  0  0  -2  0   2  1  3  0/0   19 
Mikko Koivu              2  0  2  -2  2   4  0  0  11/21 16 
Nikolai Kulemin          1  0  1  -2  0   1  0  0  0/1   19 
Scott Gomez              0  0  0  -2  0   4  0  2  13/20 17 

3 Stars

1 - Stephen Weiss (EDM)
2 - Radek Dvorak (EDM)
3 - Michal Handzus (EDM)

Power Play

Oilers - 1 on 6 Attempt(s) - 16.67%
Rangers - 2 on 4 Attempt(s) - 50.00%

Penalty Kill

Oilers - 2 on 4 Attempt(s) - 50.00% - Score 0 goal in Penalty Kill
Rangers - 5 on 6 Attempt(s) - 83.33% - Score 0 goal in Penalty Kill

Game Notes

Brian Boucher enters game at 5:18 of 2nd period
Dan Ellis enters game at 11:10 of 2nd period
Stephen Weiss has scored a Hat Trick!
Chris Mason enters game at 12:53 of 3rd period

Finance

Level 1 -- Attendance: 4165 (64.08%) -- Ticket Income $520,625.00
Level 2 -- Attendance: 2924 (58.48%) -- Ticket Income $219,300.00
Level 3 -- Attendance: 2112 (60.34%) -- Ticket Income $105,600.00
Level 4 -- Attendance: 1855 (84.32%) -- Ticket Income $46,375.00
Luxury Box -- Attendance: 618 (61.80%) -- Ticket Income $154,500.00
Game was played at the Madison Square Garden
Total Attendance: 11674 (64.14%)
Total Ticket Income: $1,088,328.00
Other Income: $180,735.30
Total Income: $1,269,063.00


Play by Play

Period #1

0:01 of 1st period - Derek Roy wins face-off versus Scott Gomez in neutral zone.
0:34 of 1st period - Shot by Dany Heatley.
0:34 of 1st period - Stopped by Chris Mason with a rebound.
0:40 of 1st period - Shot by Dany Heatley.
0:40 of 1st period - Shot Blocked by Jeff Finger.
0:42 of 1st period - Shot by Adrian Aucoin.
0:42 of 1st period - Stopped by Chris Mason without a rebound.
0:43 of 1st period - Mikko Koivu wins face-off versus Michal Handzus in Rangers zone.
0:43 of 1st period - Mikko Koivu is hit by Michal Handzus.
1:01 of 1st period - Shot by Scott Hannan.
1:01 of 1st period - Shot Misses the Net.
1:03 of 1st period - Shot by Stephen Weiss.
1:03 of 1st period - Shot Blocked by Alexander Edler.
1:05 of 1st period - Shot by Stephen Weiss.
1:05 of 1st period - Shot Misses the Net.
1:09 of 1st period - Shot by Michal Handzus.
1:09 of 1st period - Shot Misses the Net.
1:13 of 1st period - Shot by Michal Handzus.
1:13 of 1st period - Shot Blocked by Alexander Edler.
1:15 of 1st period - Shot by Michal Handzus.
1:15 of 1st period - Shot Misses the Net.
1:17 of 1st period - Shot by Michal Handzus.
1:17 of 1st period - Deflect By Stephen Weiss.
1:17 of 1st period - Shot Hit the Post.
2:08 of 1st period - Shot by Andrei Kostitsyn.
2:08 of 1st period - Stopped by Kari Lehtonen without a rebound.
2:09 of 1st period - Scott Gomez wins face-off versus Derek Roy in Oilers zone.
2:22 of 1st period - Shot by Keith Ballard.
2:22 of 1st period - Stopped by Kari Lehtonen without a rebound.
2:23 of 1st period - Scott Nichol wins face-off versus Jim Slater in Oilers zone.
2:33 of 1st period - Minor Penalty to Rod BrindAmour for Elbowing.
2:34 of 1st period - Scott Nichol wins face-off versus Dan Cleary in Oilers zone.
4:16 of 1st period - Dan Cleary is hit by Scott Hannan and loses puck.
4:19 of 1st period - Shot by Nikolai Kulemin.
4:19 of 1st period - Goal by Nikolai Kulemin - Oilers : 0 - Rangers : 1.
4:20 of 1st period - Michal Handzus wins face-off versus Chris Kelly in neutral zone.
4:54 of 1st period - Minor Penalty to Mark Popovic for High sticking.
4:55 of 1st period - Mikko Koivu wins face-off versus Ryan Johnson in Oilers zone.
6:35 of 1st period - Shot by Scott Gomez.
6:35 of 1st period - Stopped by Kari Lehtonen without a rebound.
6:36 of 1st period - Scott Gomez wins face-off versus Scott Nichol in Oilers zone.
7:59 of 1st period - Shot by Fredrik Modin.
7:59 of 1st period - Stopped by Kari Lehtonen without a rebound.
8:00 of 1st period - Mikko Koivu wins face-off versus Michal Handzus in Oilers zone.
8:05 of 1st period - Shot by Scott Gomez.
8:05 of 1st period - Shot Misses the Net.
8:13 of 1st period - Shot by Stephen Weiss.
8:13 of 1st period - Stopped by Chris Mason without a rebound.
8:14 of 1st period - Jim Slater wins face-off versus Ryan Johnson in Rangers zone.
8:14 of 1st period - Jim Slater is hit by Andrew Ladd.
8:20 of 1st period - Shot by Alexander Edler.
8:20 of 1st period - Goal by Alexander Edler - Oilers : 0 - Rangers : 2.
8:21 of 1st period - Scott Gomez wins face-off versus Michal Handzus in neutral zone.
8:27 of 1st period - Dan Cleary is hit by Mark Popovic.
8:51 of 1st period - Shot by Michal Handzus.
8:51 of 1st period - Stopped by Chris Mason without a rebound.
8:52 of 1st period - Ryan Johnson wins face-off versus Chris Kelly in Rangers zone.
9:24 of 1st period - Off-side.
9:25 of 1st period - Mikko Koivu wins face-off versus Scott Nichol in neutral zone.
9:33 of 1st period - Icing by Scott Nichol.
9:34 of 1st period - Scott Nichol wins face-off versus Antti Miettinen in Oilers zone.
9:58 of 1st period - Shot by Rod BrindAmour.
9:58 of 1st period - Goal by Rod BrindAmour - Oilers : 1 - Rangers : 2.
9:59 of 1st period - Derek Roy wins face-off versus Dan Cleary in neutral zone.
10:56 of 1st period - Shot by Bill Guerin.
10:56 of 1st period - Stopped by Kari Lehtonen without a rebound.
10:57 of 1st period - Mikko Koivu wins face-off versus Michal Handzus in Oilers zone.
11:00 of 1st period - Shot by Mikko Koivu.
11:00 of 1st period - Shot Misses the Net.
11:02 of 1st period - Shot by Mikko Koivu.
11:02 of 1st period - Shot Misses the Net.
11:04 of 1st period - Shot by Mike Weaver.
11:04 of 1st period - Stopped by Kari Lehtonen with a rebound.
11:08 of 1st period - Shot by Mikko Koivu.
11:08 of 1st period - Stopped by Kari Lehtonen without a rebound.
11:09 of 1st period - Ryan Johnson wins face-off versus Chris Kelly in Oilers zone.
11:46 of 1st period - Shot by Andrew Ladd.
11:46 of 1st period - Stopped by Chris Mason with a rebound.
12:26 of 1st period - Shot by Stephen Weiss.
12:26 of 1st period - Shot Misses the Net.
12:28 of 1st period - Shot by Stephen Weiss.
12:28 of 1st period - Goal by Stephen Weiss - Oilers : 2 - Rangers : 2.
12:29 of 1st period - Scott Gomez wins face-off versus Derek Roy in neutral zone.
12:59 of 1st period - Shot by Derek Roy.
12:59 of 1st period - Stopped by Chris Mason without a rebound.
13:00 of 1st period - Ryan Johnson wins face-off versus Mikko Koivu in Rangers zone.
13:05 of 1st period - Shot by Roman Hamrlik.
13:05 of 1st period - Shot Misses the Net.
14:42 of 1st period - Shot by Dany Heatley.
14:42 of 1st period - Deflect By Derek Roy.
14:42 of 1st period - Stopped by Chris Mason with a rebound.
14:46 of 1st period - Shot by Steve Sullivan.
14:46 of 1st period - Shot Misses the Net.
14:50 of 1st period - Shot by Dany Heatley.
14:50 of 1st period - Stopped by Chris Mason with a rebound.
14:54 of 1st period - Shot by Dany Heatley.
14:54 of 1st period - Deflect By Derek Roy.
14:54 of 1st period - Stopped by Chris Mason without a rebound.
14:55 of 1st period - Scott Gomez wins face-off versus Scott Nichol in Rangers zone.
15:12 of 1st period - Shot by Scott Gomez.
15:12 of 1st period - Stopped by Kari Lehtonen without a rebound.
15:13 of 1st period - Dany Heatley wins face-off versus Chris Kelly in Oilers zone.
15:40 of 1st period - Shot by Dany Heatley.
15:40 of 1st period - Shot Blocked by Bill Guerin.
16:25 of 1st period - Shot by Roman Hamrlik.
16:25 of 1st period - Shot Misses the Net.
16:43 of 1st period - Shot by Stephen Weiss.
16:43 of 1st period - Deflect By Michal Handzus.
16:43 of 1st period - Stopped by Chris Mason without a rebound.
16:44 of 1st period - Michal Handzus wins face-off versus Scott Gomez in Rangers zone.
16:48 of 1st period - Icing by Jeff Finger.
16:49 of 1st period - Rod BrindAmour wins face-off versus Scott Gomez in Rangers zone.
16:50 of 1st period - Shot by Miroslav Satan.
16:50 of 1st period - Shot Misses the Net.
16:54 of 1st period - Shot by Rod BrindAmour.
16:54 of 1st period - Shot Misses the Net.
18:28 of 1st period - Icing by Mark Popovic.
18:29 of 1st period - Michal Handzus wins face-off versus Jim Slater in Oilers zone.
19:08 of 1st period - Keith Ballard is hit by Andrew Ladd and loses puck.

Period #2

0:01 of 2nd period - Scott Gomez wins face-off versus Derek Roy in neutral zone.
0:12 of 2nd period - Shot by Gilbert Brule.
0:12 of 2nd period - Shot Hit the Post.
0:14 of 2nd period - Shot by Gilbert Brule.
0:14 of 2nd period - Deflect By Scott Gomez.
0:14 of 2nd period - Shot Misses the Net.
0:16 of 2nd period - Shot by Scott Gomez.
0:16 of 2nd period - Stopped by Kari Lehtonen with a rebound.
0:36 of 2nd period - Off-side.
0:37 of 2nd period - Michal Handzus wins face-off versus Mikko Koivu in neutral zone.
0:41 of 2nd period - Minor Penalty to Alexander Edler for Holding.
0:42 of 2nd period - Jim Slater wins face-off versus Michal Handzus in Rangers zone.
1:04 of 2nd period - Shot by Andrew Ladd.
1:04 of 2nd period - Shot Misses the Net.
1:06 of 2nd period - Shot by Michal Handzus.
1:06 of 2nd period - Shot Misses the Net.
1:10 of 2nd period - Shot by Michal Handzus.
1:10 of 2nd period - Shot Misses the Net.
1:15 of 2nd period - Shot by Roman Hamrlik.
1:15 of 2nd period - Shot Blocked by Mike Weaver.
1:17 of 2nd period - Shot by Scott Hannan.
1:17 of 2nd period - Stopped by Chris Mason with a rebound.
1:19 of 2nd period - Shot by Scott Hannan.
1:19 of 2nd period - Shot Blocked by Mike Weaver.
1:21 of 2nd period - Shot by Roman Hamrlik.
1:21 of 2nd period - Stopped by Chris Mason with a rebound.
1:23 of 2nd period - Shot by Roman Hamrlik.
1:23 of 2nd period - Deflect By Stephen Weiss.
1:23 of 2nd period - Shot Misses the Net.
1:25 of 2nd period - Shot by Stephen Weiss.
1:25 of 2nd period - Shot Blocked by Keith Ballard.
2:10 of 2nd period - Minor Penalty to Christoph Schubert for Roughing.
2:11 of 2nd period - Michal Handzus wins face-off versus Chris Kelly in Rangers zone.
2:32 of 2nd period - Shot by Michal Handzus.
2:32 of 2nd period - Goal by Michal Handzus - Oilers : 3 - Rangers : 2.
2:33 of 2nd period - Derek Roy wins face-off versus Jim Slater in neutral zone.
3:36 of 2nd period - Shot by Andrew Ladd.
3:36 of 2nd period - Stopped by Chris Mason without a rebound.
3:37 of 2nd period - Chris Kelly wins face-off versus Derek Roy in Rangers zone.
4:21 of 2nd period - Icing by Mark Popovic.
4:22 of 2nd period - Scott Nichol wins face-off versus Andrei Kostitsyn in Oilers zone.
4:43 of 2nd period - Shot by Scott Nichol.
4:43 of 2nd period - Stopped by Chris Mason with a rebound.
4:47 of 2nd period - Shot by Miroslav Satan.
4:47 of 2nd period - Stopped by Chris Mason without a rebound.
4:48 of 2nd period - Mikko Koivu wins face-off versus Ryan Johnson in Rangers zone.
4:48 of 2nd period - Mikko Koivu is hit by Andrew Ladd.
4:57 of 2nd period - Todd Marchant is hit by Mike Weaver and loses puck.
5:00 of 2nd period - Shot by Todd Marchant.
5:00 of 2nd period - Shot Misses the Net.
5:02 of 2nd period - Shot by Andrew Ladd.
5:02 of 2nd period - Stopped by Chris Mason without a rebound.
5:03 of 2nd period - Scott Gomez wins face-off versus Radek Dvorak in Rangers zone.
5:18 of 2nd period - Shot by Stephen Weiss.
5:18 of 2nd period - Goal by Stephen Weiss - Oilers : 4 - Rangers : 2.
5:18 of 2nd period - Brian Boucher enters game.
5:19 of 2nd period - Mikko Koivu wins face-off versus Ryan Johnson in neutral zone.
6:06 of 2nd period - Shot by Radek Dvorak.
6:06 of 2nd period - Deflect By Stephen Weiss.
6:06 of 2nd period - Shot Misses the Net.
6:10 of 2nd period - Shot by Radek Dvorak.
6:10 of 2nd period - Goal by Radek Dvorak - Oilers : 5 - Rangers : 2.
6:11 of 2nd period - Derek Roy wins face-off versus Chris Kelly in neutral zone.
6:16 of 2nd period - Minor Penalty to Dany Heatley for Hooking.
6:17 of 2nd period - Ryan Johnson wins face-off versus Mikko Koivu in Oilers zone.
6:29 of 2nd period - Icing by Mikko Koivu.
6:30 of 2nd period - Ryan Johnson wins face-off versus Mikko Koivu in Rangers zone.
6:41 of 2nd period - Shot by Mikko Koivu.
6:41 of 2nd period - Goal by Mikko Koivu - Oilers : 5 - Rangers : 3.
6:42 of 2nd period - Chris Kelly wins face-off versus Michal Handzus in neutral zone.
8:14 of 2nd period - Off-side.
8:15 of 2nd period - Ryan Johnson wins face-off versus Jim Slater in neutral zone.
8:17 of 2nd period - Bryce Salvador is hit by Keith Ballard and loses puck.
8:54 of 2nd period - Alexander Edler is hit by Andrew Ladd and loses puck.
9:15 of 2nd period - Shot by Michal Handzus.
9:15 of 2nd period - Stopped by Brian Boucher without a rebound.
9:16 of 2nd period - Scott Nichol wins face-off versus Mikko Koivu in Rangers zone.
9:16 of 2nd period - Scott Nichol is hit by Jeff Finger.
9:20 of 2nd period - Shot by Miroslav Satan.
9:20 of 2nd period - Shot Misses the Net.
9:22 of 2nd period - Shot by Scott Nichol.
9:22 of 2nd period - Shot Misses the Net.
9:26 of 2nd period - Shot by Miroslav Satan.
9:26 of 2nd period - Stopped by Brian Boucher with a rebound.
9:30 of 2nd period - Shot by Adrian Aucoin.
9:30 of 2nd period - Stopped by Brian Boucher without a rebound.
9:31 of 2nd period - Scott Gomez wins face-off versus Michal Handzus in Rangers zone.
9:42 of 2nd period - Scott Hannan is hit by Gilbert Brule and loses puck.
9:55 of 2nd period - Shot by Dan Cleary.
9:55 of 2nd period - Shot Blocked by Mark Popovic.
9:57 of 2nd period - Shot by Dan Cleary.
9:57 of 2nd period - Stopped by Kari Lehtonen without a rebound.
9:58 of 2nd period - Chris Kelly wins face-off versus Derek Roy in Oilers zone.
10:33 of 2nd period - Chris Kelly is hit by Dany Heatley and loses puck.
11:10 of 2nd period - Shot by Mikko Koivu.
11:10 of 2nd period - Goal by Mikko Koivu - Oilers : 5 - Rangers : 4.
11:10 of 2nd period - Dan Ellis enters game.
11:11 of 2nd period - Radek Dvorak wins face-off versus Scott Gomez in neutral zone.
11:14 of 2nd period - Jeff Finger is hit by Michal Handzus and loses puck.
11:19 of 2nd period - Shot by Scott Hannan.
11:19 of 2nd period - Shot Blocked by Keith Ballard.
11:23 of 2nd period - Shot by Radek Dvorak.
11:23 of 2nd period - Deflect By Michal Handzus.
11:23 of 2nd period - Stopped by Brian Boucher without a rebound.
11:24 of 2nd period - Jim Slater wins face-off versus Ryan Johnson in Rangers zone.
11:24 of 2nd period - Jim Slater is hit by Andrew Ladd.
11:57 of 2nd period - Andrew Ladd is hit by Alexander Edler and loses puck.
12:01 of 2nd period - Minor Penalty to Keith Ballard for Boarding.
12:02 of 2nd period - Chris Kelly wins face-off versus Michal Handzus in Rangers zone.
12:15 of 2nd period - Shot by Scott Hannan.
12:15 of 2nd period - Shot Blocked by Lubomir Visnovsky.
12:26 of 2nd period - Off-side.
12:27 of 2nd period - Jim Slater wins face-off versus Derek Roy in neutral zone.
12:27 of 2nd period - Alexander Edler is hit by Dany Heatley and loses puck.
12:34 of 2nd period - Fredrik Modin is hit by Derek Roy and loses puck.
14:30 of 2nd period - Adrian Aucoin is hit by Jeff Finger and loses puck.
14:33 of 2nd period - Shot by Bryce Salvador.
14:33 of 2nd period - Shot Blocked by Scott Gomez.
14:53 of 2nd period - Shot by Stephen Weiss.
14:53 of 2nd period - Goal by Stephen Weiss - Oilers : 6 - Rangers : 4.
14:54 of 2nd period - Derek Roy wins face-off versus Mikko Koivu in neutral zone.
14:57 of 2nd period - Shot by Dany Heatley.
14:57 of 2nd period - Stopped by Brian Boucher without a rebound.
14:58 of 2nd period - Chris Kelly wins face-off versus Derek Roy in Rangers zone.
15:04 of 2nd period - Off-side.
15:05 of 2nd period - Ryan Johnson wins face-off versus Mikko Koivu in neutral zone.
15:05 of 2nd period - Minor Penalty to Mikko Koivu for Tripping.
15:06 of 2nd period - Derek Roy wins face-off versus Chris Kelly in Rangers zone.
15:06 of 2nd period - Derek Roy is hit by Keith Ballard.
15:26 of 2nd period - Shot by Dany Heatley.
15:26 of 2nd period - Shot Misses the Net.
15:30 of 2nd period - Shot by Dany Heatley.
15:30 of 2nd period - Shot Blocked by Alexander Edler.
15:32 of 2nd period - Shot by Sean ODonnell.
15:32 of 2nd period - Shot Misses the Net.
15:34 of 2nd period - Shot by Scott Hannan.
15:34 of 2nd period - Stopped by Brian Boucher without a rebound.
15:35 of 2nd period - Chris Kelly wins face-off versus Andrew Ladd in Rangers zone.
15:41 of 2nd period - Icing by Stephen Weiss.
15:42 of 2nd period - Chris Kelly wins face-off versus Michal Handzus in Oilers zone.
15:57 of 2nd period - Shot by Stephen Weiss.
15:57 of 2nd period - Stopped by Brian Boucher without a rebound.
15:58 of 2nd period - Derek Roy wins face-off versus Chris Kelly in Rangers zone.
16:10 of 2nd period - Shot by Adrian Aucoin.
16:10 of 2nd period - Stopped by Brian Boucher without a rebound.
16:11 of 2nd period - Michal Handzus wins face-off versus Fredrik Modin in Rangers zone.
16:20 of 2nd period - Shot by Scott Hannan.
16:20 of 2nd period - Shot Misses the Net.
16:22 of 2nd period - Shot by Scott Hannan.
16:22 of 2nd period - Stopped by Brian Boucher with a rebound.
16:24 of 2nd period - Shot by Andrew Ladd.
16:24 of 2nd period - Shot Misses the Net.
16:26 of 2nd period - Shot by Andrew Ladd.
16:26 of 2nd period - Shot Blocked by Alexander Edler.
16:28 of 2nd period - Shot by Scott Hannan.
16:28 of 2nd period - Shot Misses the Net.
16:30 of 2nd period - Shot by Roman Hamrlik.
16:30 of 2nd period - Shot Blocked by Christoph Schubert.
16:32 of 2nd period - Shot by Roman Hamrlik.
16:32 of 2nd period - Stopped by Brian Boucher without a rebound.
16:33 of 2nd period - Derek Roy wins face-off versus Chris Kelly in Rangers zone.
17:09 of 2nd period - Stephen Weiss is hit by Keith Ballard and loses puck.
17:15 of 2nd period - Radek Dvorak is hit by Keith Ballard and loses puck.
17:41 of 2nd period - Off-side.
17:42 of 2nd period - Mikko Koivu wins face-off versus Ryan Johnson in neutral zone.
17:47 of 2nd period - Todd Marchant is hit by Antti Miettinen and loses puck.
18:14 of 2nd period - Shot by Nikolai Kulemin.
18:14 of 2nd period - Shot Blocked by Bryce Salvador.
18:25 of 2nd period - Icing by Roman Hamrlik.
18:26 of 2nd period - Chris Kelly wins face-off versus Ryan Johnson in Oilers zone.
19:23 of 2nd period - Gilbert Brule is hit by Sean ODonnell and loses puck.

Period #3

0:01 of 3rd period - Scott Gomez wins face-off versus Derek Roy in neutral zone.
0:08 of 3rd period - Shot by Jeff Finger.
0:08 of 3rd period - Shot Blocked by Sean ODonnell.
0:23 of 3rd period - Shot by Adrian Aucoin.
0:23 of 3rd period - Shot Blocked by Keith Ballard.
0:28 of 3rd period - Icing by Jeff Finger.
0:29 of 3rd period - Michal Handzus wins face-off versus Scott Gomez in Rangers zone.
0:46 of 3rd period - Shot by Michal Handzus.
0:46 of 3rd period - Stopped by Brian Boucher without a rebound.
0:47 of 3rd period - Mikko Koivu wins face-off versus Ryan Johnson in Rangers zone.
0:47 of 3rd period - Mikko Koivu is hit by Todd Marchant.
1:13 of 3rd period - Shot by Mikko Koivu.
1:13 of 3rd period - Stopped by Dan Ellis with a rebound.
1:15 of 3rd period - Shot by Mikko Koivu.
1:15 of 3rd period - Shot Misses the Net.
1:17 of 3rd period - Shot by Mike Weaver.
1:17 of 3rd period - Stopped by Dan Ellis without a rebound.
1:18 of 3rd period - Derek Roy wins face-off versus Chris Kelly in Oilers zone.
1:46 of 3rd period - Shot by Dany Heatley.
1:46 of 3rd period - Stopped by Brian Boucher with a rebound.
1:48 of 3rd period - Shot by Steve Sullivan.
1:48 of 3rd period - Stopped by Brian Boucher with a rebound.
2:28 of 3rd period - Icing by Bill Guerin.
2:29 of 3rd period - Chris Kelly wins face-off versus Ryan Johnson in Rangers zone.
3:02 of 3rd period - Shot by Andrew Ladd.
3:02 of 3rd period - Deflect By Todd Marchant.
3:02 of 3rd period - Goal by Todd Marchant - Oilers : 7 - Rangers : 4.
3:03 of 3rd period - Scott Gomez wins face-off versus Michal Handzus in neutral zone.
3:39 of 3rd period - Icing by Jeff Finger.
3:40 of 3rd period - Scott Gomez wins face-off versus Derek Roy in Rangers zone.
3:44 of 3rd period - Off-side.
3:45 of 3rd period - Scott Nichol wins face-off versus Mikko Koivu in neutral zone.
4:18 of 3rd period - Shot by Mikko Koivu.
4:18 of 3rd period - Shot Misses the Net.
5:54 of 3rd period - Dan Cleary is hit by Mark Popovic and loses puck.
5:58 of 3rd period - Minor Penalty to Mark Popovic for Hooking.
5:59 of 3rd period - Scott Gomez wins face-off versus Ryan Johnson in Oilers zone.
6:34 of 3rd period - Icing by Scott Gomez.
6:35 of 3rd period - Ryan Johnson wins face-off versus Scott Gomez in Rangers zone.
7:28 of 3rd period - Off-side.
7:29 of 3rd period - Chris Kelly wins face-off versus Scott Nichol in neutral zone.
7:32 of 3rd period - Shot by Keith Ballard.
7:32 of 3rd period - Shot Misses the Net.
8:02 of 3rd period - Mikko Koivu is hit by Dany Heatley and loses puck.
8:37 of 3rd period - Icing by Adrian Aucoin.
8:38 of 3rd period - Jim Slater wins face-off versus Derek Roy in Oilers zone.
8:45 of 3rd period - Shot by Scott Gomez.
8:45 of 3rd period - Stopped by Dan Ellis with a rebound.
9:07 of 3rd period - Shot by Evander Kane.
9:07 of 3rd period - Shot Misses the Net.
9:32 of 3rd period - Shot by Michal Handzus.
9:32 of 3rd period - Shot Misses the Net.
9:36 of 3rd period - Shot by Stephen Weiss.
9:36 of 3rd period - Deflect By Michal Handzus.
9:36 of 3rd period - Shot Misses the Net.
9:38 of 3rd period - Shot by Stephen Weiss.
9:38 of 3rd period - Stopped by Brian Boucher with a rebound.
10:06 of 3rd period - Minor Penalty to Bill Guerin for Interference.
10:07 of 3rd period - Michal Handzus wins face-off versus Mikko Koivu in Rangers zone.
11:09 of 3rd period - Shot by Dany Heatley.
11:09 of 3rd period - Stopped by Brian Boucher without a rebound.
11:10 of 3rd period - Chris Kelly wins face-off versus Dany Heatley in Rangers zone.
11:57 of 3rd period - Shot by Michal Handzus.
11:57 of 3rd period - Shot Misses the Net.
11:59 of 3rd period - Shot by Michal Handzus.
11:59 of 3rd period - Stopped by Brian Boucher without a rebound.
12:00 of 3rd period - Michal Handzus wins face-off versus Jim Slater in Rangers zone.
12:37 of 3rd period - Shot by Miroslav Satan.
12:37 of 3rd period - Shot Blocked by Keith Ballard.
12:39 of 3rd period - Shot by Miroslav Satan.
12:39 of 3rd period - Shot Misses the Net.
12:53 of 3rd period - Shot by Sean ODonnell.
12:53 of 3rd period - Goal by Sean ODonnell - Oilers : 8 - Rangers : 4.
12:53 of 3rd period - Chris Mason enters game.
12:54 of 3rd period - Mikko Koivu wins face-off versus Michal Handzus in neutral zone.
13:40 of 3rd period - Shot by Andrew Ladd.
13:40 of 3rd period - Stopped by Chris Mason without a rebound.
13:41 of 3rd period - Fredrik Modin wins face-off versus Derek Roy in Rangers zone.
13:52 of 3rd period - Shot by Derek Roy.
13:52 of 3rd period - Stopped by Chris Mason with a rebound.
13:54 of 3rd period - Shot by Steve Sullivan.
13:54 of 3rd period - Stopped by Chris Mason with a rebound.
13:56 of 3rd period - Shot by Derek Roy.
13:56 of 3rd period - Deflect By Dany Heatley.
13:56 of 3rd period - Shot Blocked by Scott Gomez.
13:58 of 3rd period - Shot by Derek Roy.
13:58 of 3rd period - Stopped by Chris Mason with a rebound.
14:00 of 3rd period - Shot by Derek Roy.
14:00 of 3rd period - Shot Misses the Net.
14:02 of 3rd period - Shot by Steve Sullivan.
14:02 of 3rd period - Deflect By Dany Heatley.
14:02 of 3rd period - Stopped by Chris Mason with a rebound.
14:04 of 3rd period - Shot by Adrian Aucoin.
14:04 of 3rd period - Stopped by Chris Mason with a rebound.
14:06 of 3rd period - Shot by Derek Roy.
14:06 of 3rd period - Shot Misses the Net.
14:33 of 3rd period - Off-side.
14:34 of 3rd period - Ryan Johnson wins face-off versus Chris Kelly in neutral zone.
14:45 of 3rd period - Shot by Todd Marchant.
14:45 of 3rd period - Shot Misses the Net.
14:55 of 3rd period - Minor Penalty to Chris Kelly for Hooking.
14:56 of 3rd period - Mikko Koivu wins face-off versus Michal Handzus in Rangers zone.
15:04 of 3rd period - Icing by Stephen Weiss.
15:05 of 3rd period - Michal Handzus wins face-off versus Mikko Koivu in Oilers zone.
16:46 of 3rd period - Shot by Michal Handzus.
16:46 of 3rd period - Shot Blocked by Mike Weaver.
16:48 of 3rd period - Shot by Michal Handzus.
16:48 of 3rd period - Shot Misses the Net.
16:50 of 3rd period - Shot by Radek Dvorak.
16:50 of 3rd period - Stopped by Chris Mason without a rebound.
16:51 of 3rd period - Steve Sullivan wins face-off versus Antti Miettinen in Rangers zone.
16:59 of 3rd period - Off-side.
17:00 of 3rd period - Ryan Johnson wins face-off versus Chris Kelly in neutral zone.
17:50 of 3rd period - Shot by Miroslav Satan.
17:50 of 3rd period - Shot Blocked by Lubomir Visnovsky.
17:54 of 3rd period - Shot by Scott Nichol.
17:54 of 3rd period - Stopped by Chris Mason with a rebound.
18:29 of 3rd period - Shot by Radek Dvorak.
18:29 of 3rd period - Goal by Radek Dvorak - Oilers : 9 - Rangers : 4.
18:30 of 3rd period - Michal Handzus wins face-off versus Scott Gomez in neutral zone.
18:53 of 3rd period - Icing by Keith Ballard.
18:54 of 3rd period - Scott Gomez wins face-off versus Ryan Johnson in Rangers zone.
19:01 of 3rd period - Shot by Dan Cleary.
19:01 of 3rd period - Stopped by Dan Ellis without a rebound.
19:02 of 3rd period - Derek Roy wins face-off versus Nikolai Kulemin in Oilers zone.
19:20 of 3rd period - Shot by Derek Roy.
19:20 of 3rd period - Stopped by Chris Mason without a rebound.
19:21 of 3rd period - Ryan Johnson wins face-off versus Jim Slater in Rangers zone.
19:44 of 3rd period - Shot by Andrew Ladd.
19:44 of 3rd period - Shot Hit the Post.


Output by the SimonT Hockey Simulator (STHS) for Stephane Roy -- Original Page W3C XHTML 1.0 Valid